 Dungeon Crawl Stone Soup version 0.16.1-2-g95b8d4c (webtiles) character file.

31 Huymann the Insei (level 2, -5/23 HPs)
             Began as a Demigod Transmuter on Mar 25, 2015.
             Hit by a stone thrown by a gnoll (6 damage)
             ... on level 1 of the Dungeon.
             The game lasted 00:06:27 (1487 turns).

Huymann the Insei (Demigod Transmuter)              Turns: 1487, Time: 00:06:27

Health: -5/23      AC:  2    Str: 13    XL:     2   Next: 90%
Magic:  4/4        EV: 12    Int: 17    God:
Gold:   16         SH:  0    Dex: 16    Spells: 1 memorised, 3 levels left

rFire  . . .     SeeInvis .       - Unarmed
rCold  . . .     Clarity  .     c - +0 robe
rNeg   . . .     SustAb   +     (no shield)
rPois  .         Gourm    .     (no helmet)
rElec  .         Spirit   .     (no cloak)
rCorr  .         Warding  .     (no gloves)
rMut   .         Stasis   .     (no boots)
MR     .....                    (no amulet)
Stlth  ++........               (no ring)
                                (no ring)

@: flying, not resistant to hostile enchantments, unstealthy
A: sustain abilities
a: no special abilities


You were on level 1 of the Dungeon.
You were not hungry.

You visited 1 branch of the dungeon, and saw 1 of its levels.

You collected 16 gold pieces.

Inventory:

Hand weapons
 m - a +2 whip of flaming
Missiles
 b - 12 arrows
Armour
 c - a +0 robe (worn)
Scrolls
 f - 2 scrolls of identify {unknown}
 h - a scroll of amnesia {unknown}
 l - a scroll of noise {unknown}
 o - a scroll of immolation {unknown}
Potions
 e - a potion of degeneration {unknown}
 g - a potion of flight
 j - a potion of curing {unknown}
 k - a potion of restore abilities {unknown}
 n - a potion of heal wounds {unknown}
 p - a potion of lignification {unknown}
Books
 d - a book of Changes

   Spells                             Type                      Level
   a - Beastly Appendage              Transmutation                1
   b - Sticks to Snakes               Transmutation                2
   c - Spider Form                    Transmutation/Poison         3
   d - Ice Form                       Ice/Transmutation            4
   e - Blade Hands                    Transmutation                5
Comestibles
 a - 2 bread rations
 i - a slice of pizza


   Skills:
 * Level 1.4 Fighting
 + Level 1.9 Dodging
 * Level 1.2 Stealth
 + Level 3.1 Unarmed Combat
 + Level 1.7 Spellcasting
 + Level 1.9 Transmutations


You had 3 spell levels left.
You knew the following spells:

 Your Spells              Type           Power        Failure   Level  Hunger
a - Beastly Appendage     Trmt           #.....       12%         1    #......


Dungeon Overview and Level Annotations

Branches:
Dungeon (1/15)


Innate Abilities, Weirdness & Mutations

Your attributes are resistant to harm.


Message History

The hobgoblin is almost dead.
The hobgoblin hits you but does no damage.
You hit the hobgoblin.
You kill the hobgoblin!
You barely miss the goblin. Your kick misses the goblin. The goblin misses you.
You hit the goblin.
You kill the goblin!
The gnoll throws a stone.
The stone hits you!
* * * LOW HITPOINT WARNING * * *
The gnoll throws a stone.
The stone hits you.
* * * LOW HITPOINT WARNING * * *
Things that are here:
a stone; a goblin corpse Drink which item? (? for menu, Esc to quit)
It was a potion of flight.
You feel very buoyant.
You fly up into the air.
Your talons disappear.
The gnoll throws a stone.
The stone hits you.
You die...

....... . #.......## ......
..####+###.#.## ......
............... .....
............#.# ....
...............
#.########..............
####........'..............
#.......#####..............
#........(@................
#...)..(####g.†....#####...
####'#.(g.....(...## ####
#.##...........#
#(##..%........#
######..(...........#
######
#......###..........#
#..... #......#
##.....##### #.....
#......# #...... +.....


You could see a gnoll.

Vanquished Creatures
  2 bats (D:1)
  4 goblins (D:1)
  3 hobgoblins (D:1)
  8 jackals (D:1)
  A giant newt (D:1)
  6 kobolds (D:1)
  6 rats (D:1)
30 creatures vanquished.

Notes
Turn   | Place    | Note
--------------------------------------------------------------
     0 | D:1      | Huymann, the Demigod Transmuter, began the quest for the Orb.
     0 | D:1      | Reached XP level 1. HP: 15/15 MP: 3/3
    27 | D:1      | Reached skill level 1 in Fighting
   382 | D:1      | Reached skill level 3 in Unarmed Combat
   389 | D:1      | Reached XP level 2. HP: 14/23 MP: 4/4
  1156 | D:1      | Found an iron altar of Okawaru.
  1216 | D:1      | Reached skill level 1 in Stealth
  1486 | D:1      | HP: 1/23 [gnoll/stone (5)]
  1487 | D:1      | Hit by a stone thrown by a gnoll

Action                   || total
-------------------------++-------
Melee: Unarmed           ||   103
 Cast: Beastly Appendage ||     5
  Use: Potion            ||     1
  Eat: Chunk             ||     2
